 Dungeon Crawl Stone Soup version 0.30-a0-857-gcaf70739d4 (webtiles) character file.

Game seed: 2760242704601247166

3851 jimonade the Thaumaturge (level 10, 0/65 HPs)
             Began as a Djinni Warper on Mar 5, 2023.
             Was a Believer of Okawaru.
             Killed from afar by a gargoyle (25 damage)
             ... with a stone arrow
             ... in a bailey.
             The game lasted 00:34:34 (11407 turns).

jimonade the Thaumaturge (Djinni Warper)           Turns: 11407, Time: 00:34:34

Health: 0/65       AC:  9    Str: 14    XL:     10   Next: 41%
Gold:   406        EV: 11    Int: 20    God:    Okawaru [**....] SH:  0 Dex: 13

rFire   + + .      SeeInvis .    a - +5 mace "Poshos" {chaos, Int+2 Stlth+}
rCold   . . .      Faith    .    (no shield)
rNeg    . . .      Spirit   .    w - +0 ring mail
rPois   ∞          Reflect  .    K - +1 helmet
rElec   .          Rampage  .    (no cloak)
rCorr   +                        R - +1 Delatra's gloves {ID++}
Will    +....                    (boots unavailable)
Stlth   ++                       (no amulet)
HPRegen 0.30/turn                x - ring of Pride {Fly rC+ Int+3}
MPRegen 0.00/turn                u - ring of resist corrosion

@: flying
A: sickness immunity, fire resistance 2, cold vulnerability 1, float, innate
caster, HP casting, extra vitality 1
a: Renounce Religion, Heroism


You were in a bailey.
You worshipped Okawaru.
Okawaru was pleased with you.
You visited 2 branches of the dungeon, and saw 10 of its levels.
You also visited: Bailey.

You collected 406 gold pieces.

Inventory:

Hand Weapons
 a - the +5 mace "Poshos" (weapon) {chaos, Int+2 Stlth+}
   (You found it on level 4 of the Dungeon)

   Int:       It affects your intelligence (+2).
   Stlth:     It makes you more stealthy.
 i - a +0 mace
 o - a +0 short sword
 s - a +3 flail
 J - a +2 mace of draining
 N - a +0 morningstar
 P - a +1 flail of protection
 Y - a +1 great sword of freezing
Missiles
 d - 9 boomerangs of dispersal
 f - 3 atropa-tipped darts
 p - 5 javelins
 y - 75 stones
 B - 5 poisoned darts
 C - 2 boomerangs
Armour
 w - a +0 ring mail (worn)
 z - a +0 leather armour
 K - a +1 helmet (worn)
 R - the +1 Delatra's gloves (worn) {ID++}
   (You found it on level 6 of the Dungeon)

   ID++:      It heals its wearer when they drink unknown potions, and restores
   their MP when they read unknown scrolls.
Magical Staves
 b - a staff of conjuration
Jewellery
 u - a ring of resist corrosion (right hand)
 v - an amulet of faith
 x - the ring of Pride (left hand) {Fly rC+ Int+3}
   (You found it on level 2 of the Dungeon)

   [ring of protection from cold]

   Int:       It affects your intelligence (+3).
   rC:        It protects you from cold.
   Fly:       It grants you flight.
 V - a ring of resist corrosion
Wands
 M - a wand of flame (16)
 S - a wand of paralysis (17)
 W - a wand of roots (10)
Scrolls
 c - 2 scrolls of blinking
 g - a scroll of enchant armour
 h - a scroll of summoning {unknown}
 k - a scroll of fear
 m - 2 scrolls of vulnerability
 q - 2 scrolls of poison
 r - 2 scrolls of enchant weapon
 t - 2 scrolls of teleportation
 A - a scroll of fog
 E - a scroll of amnesia {unknown}
 I - a scroll of brand weapon {unknown}
 L - 2 scrolls of immolation {unknown}
 Q - a scroll of magic mapping
 U - a scroll of acquirement {unknown}
 X - a scroll of torment {unknown}
Potions
 e - 8 potions of haste
 j - 4 potions of mutation
 l - 7 potions of curing
 n - 3 potions of brilliance {unknown}
 D - a potion of degeneration {unknown}
 F - 3 potions of lignification
 G - 5 potions of attraction
 H - a potion of magic {unknown}
 O - a potion of heal wounds {unknown}
 Z - a potion of might {unknown}


   Skills:
 + Level 2.5 Fighting
 - Level 1.7 Short Blades
 * Level 3.9 Maces & Flails
 - Level 0.7 Throwing
 - Level 1.0 Armour
 + Level 2.8 Dodging
 - Level 10.6 Spellcasting


You knew the following spells:

 Your Spells              Type           Power      Damage    Failure   Level
a - Blink                 Tloc           100%       N/A       1%          2
b - Lesser Beckoning      Tloc           100%       N/A       1%          2
c - Vhi's Electric Charg  Tloc/Air       100%       N/A       1%          3
d - Teleport Other        Tloc           52%        N/A       1%          3
e - Manifold Assault      Tloc           52%        N/A       1%          4
f - Summon Small Mammal   Summ           100%       N/A       1%          1
g - Scorch                Fire           100%       2d10      1%          2
h - Mephitic Cloud        Conj/Pois/Air  52%        N/A       1%          3
i - Sticky Flame          Conj/Fire      52%        2d7       1%          4
Your spell library was empty.

Dungeon Overview and Level Annotations

Branches:
Dungeon (9/15)             Temple (1/1) D:7            Lair (0/5) D:9
 Bailey (1/1)
    Orc: D:9-12

Altars:
Ashenzari
Cheibriados
Dithmenos
Elyvilon
Fedhas
Gozag
Hepliaklqana
Makhleb
Nemelex Xobeh
Okawaru
Ru
Trog
Xom
Yredelemnul
Zin
The Shining One

Shops:
D:8 *

Annotations:
D:4 2 transporters, SirDiesAlot's ghost, amateur DsVM
D:5 3 runed translucent doors, cforsyth's ghost, amateur KoBr
D:6 1 runed translucent door, Crazy Yiuf
D:7 2 runed translucent doors


Innate Abilities, Weirdness & Mutations

You are immune to sickness and miasma.
You are immune to poison.
Your flesh is very heat resistant. (rF++)
You are vulnerable to cold. (rC-)
You float through the air rather than walking.
You learn spells naturally, not from books.
Your magical power is your life essence.
You have superior vitality. (+4 MHP)


Message History

Press: ? - help, Shift-Dir - straight line, f/p - gargoyle
Aim: a gargoyle, wielding a +0 mace (86% to hit)
The bolt of acid hits the gargoyle but does no damage.
The now-empty wand crumbles to dust.
Flames lash the gargoyle but do no damage.
The gargoyle hurls a stone arrow at you.
The stone arrow hits you!
Flames lash the gargoyle but do no damage.
Flames lash the gargoyle.
The gargoyle is lightly damaged.
The gargoyle's fire resistance burns away.
The gargoyle hits you with a +0 mace!
Casting: Scorch (safe; 1% risk of failure)
Confirm with . or Enter, or press ? or * to list all spells.
Okay, then.
Casting: Scorch (safe; 1% risk of failure)
Confirm with . or Enter, or press ? or * to list all spells.
You blink.
Flames lash the gargoyle.
The gargoyle is burned terribly!
The gargoyle is heavily damaged.
Flames lash the gargoyle but do no damage.
The gargoyle closely misses you.
You are too injured to fight recklessly!
Casting: Scorch (safe; 1% risk of failure)
Press: ? - help, Q - select action, (/) - cycle Dir - look around, f - activate
Okay, then.
Casting: Scorch (safe; 1% risk of failure)
Confirm with . or Enter, or press ? or * to list all spells.
Okay, then.
Casting: Scorch (safe; 1% risk of failure)
Press: ? - help, Q - select action, (/) - cycle Dir - look around, f - activate Flames lash the gargoyle.
The gargoyle is burned terribly!
The gargoyle is severely damaged.
The gargoyle hits you with a +0 mace.
Casting: Scorch (safe; 1% risk of failure)
Press: ? - help, Q - select action, (/) - cycle Dir - look around, f - activate Flames lash the gargoyle but do no damage.
The gargoyle hurls a stone arrow at you.
The stone arrow hits you!!
You die...

♣≈≈.#..#...♣♣.######
##≈≈.#..#.♣.♣).......
##.≈≈.#..#.......♣....
####..≈≈.#..#.9).........
##..#.9≈≈.#..'..♣.♣......#
#......≈≈.####...♣.....♣..
#.∩...#########...........
#.........................
#........@9.........♣.....
#.∩...#########)..........
#......≈≈#................
##..#..≈≈#.......#'##.....
####..≈≈#.......#..#####.
##.≈≈#########).'.÷.##
##≈≈♣ ####..÷# ♣≈≈♣ #÷..#
♣♣♣♣ #####


You could see a gargoyle (combustible).

Vanquished Creatures
  Prince Ribbit (D:8)
  A hornet (D:8)
  Sigmund (D:6)
  A water moccasin (D:4)
  Duvessa (D:4)
  A black bear (D:6)
  3 ice beasts
  An ogre (D:4)
  A centaur (D:9)
  A phantom (D:3)
  4 bullfrogs
  3 scorpions
  8 wights
  Dowan (D:4)
  7 wolf zombies (Bailey)
  3 howler monkeys
  9 vampire bats (Bailey)
  5 hounds
  2 orc priests
  A jelly (D:6)
  A gnoll bouda (D:8)
  A sleepcap (D:8)
  Jessica (D:3)
  4 iguanas
  Natasha (thrice) (D:4)
  An orc wizard (D:9)
  Robin (D:4)
  12 orc zombies (Bailey)
  6 gnolls
  7 adders
  A shadow imp (D:7)
  2 ufetubi (D:5)
  2 dart slugs
  25 orcs
  5 bats
  3 endoplasms
  5 giant cockroaches
  18 goblins
  7 hobgoblins
  9 jackals
  A quokka (D:3)
  7 ball pythons
  5 frilled lizards
  4 kobolds
  A rat (D:1)
187 creatures vanquished.

Vanquished Creatures (collateral kills)
  An adder (D:2)
  A worm (D:2)
  A dart slug (D:3)
  2 bats
  2 endoplasms (D:2)
  A giant cockroach (D:2)
  A hobgoblin (D:2)
  A jackal (D:3)
  2 quokkas
  A kobold (D:2)
13 creatures vanquished.

Grand Total: 200 creatures vanquished

Notes
Turn   | Place    | Note
-------+----------+-------------------------------------------
     0 | D:1      | jimonade the Djinni Warper began the quest for the Orb.
     0 | D:1      | jimonade set off with the following spells memorised:
                  | Blink, Lesser Beckoning, Vhi's Electric Charge, Teleport
                  | Other, Manifold Assault.
     0 | D:1      | Reached XP level 1. HP: 18/18 MP: 0/0
   137 | D:1      | Reached XP level 2. HP: 22/23 MP: 0/0
   434 | D:1      | Reached skill level 3 in Spellcasting
   876 | D:2      | Reached XP level 3. HP: 28/28 MP: 0/0
   876 | D:2      | Learned a level 1 spell: Summon Small Mammal
  1164 | D:2      | Reached XP level 4. HP: 29/33 MP: 0/0
  1611 | D:2      | Identified the ring of Pride {Fly rC+ Int+3}
  2009 | D:3      | Noticed a phantom
  2018 | D:3      | Reached skill level 4 in Spellcasting
  2172 | D:3      | Noticed Jessica
  2394 | D:3      | Reached XP level 5. HP: 38/38 MP: 0/0
  2394 | D:3      | Learned a level 2 spell: Scorch
  2967 | D:3      | Killed Jessica
  2970 | D:3      | Killed a phantom
  2971 | D:3      | Reached skill level 5 in Spellcasting
  2971 | D:3      | Reached XP level 6. HP: 25/43 MP: 0/0
  3284 | D:4      | Noticed Natasha
  3287 | D:4      | Killed Natasha
  3306 | D:4      | Noticed a water moccasin
  3310 | D:4      | Killed a water moccasin
  3378 | D:4      | Found a transporter.
  3381 | D:4      | Noticed SirDiesAlot's ghost (amateur DsVM)
  3383 | D:4      | Found a transporter.
  3419 | D:4      | Found a sparkling altar of Nemelex Xobeh.
  3420 | D:4      | Noticed Robin
  3421 | D:4      | Identified the +5 mace "Poshos" {chaos, Int+2 Stlth+}
  3483 | D:4      | Reached XP level 7. HP: 43/49 MP: 0/0
  3483 | D:4      | Learned a level 3 spell: Mephitic Cloud
  3538 | D:4      | Killed Robin
  3675 | D:4      | Noticed Duvessa
  3676 | D:4      | Noticed Dowan
  3696 | D:4      | Killed Dowan
  4088 | D:4      | Reached skill level 6 in Spellcasting
  4213 | D:4      | Noticed Natasha
  4231 | D:4      | Killed Natasha
  4240 | D:4      | Killed Duvessa
  4454 | D:4      | Reached XP level 8. HP: 48/54 MP: 0/0
  4537 | D:4      | Noticed Natasha
  4541 | D:4      | Killed Natasha
  4707 | D:5      | Entered Level 5 of the Dungeon
  4855 | D:5      | Found a runed translucent gate.
  4856 | D:5      | Found a runed translucent gate.
  4856 | D:5      | Noticed cforsyth's ghost (amateur KoBr)
  4857 | D:5      | Found a runed translucent gate.
  4892 | D:5      | Reached skill level 7 in Spellcasting
  5359 | D:5      | Found a broken altar of Ashenzari.
  6044 | D:6      | Noticed a two-headed ogre
  6058 | D:5      | Reached skill level 8 in Spellcasting
  6194 | D:6      | Noticed Sigmund
  6256 | D:6      | Killed Sigmund
  6302 | D:6      | Reached XP level 9. HP: 54/58 MP: 0/0
  6302 | D:6      | Learned a level 4 spell: Sticky Flame
  6705 | D:6      | Reached skill level 9 in Spellcasting
  7117 | D:6      | Found the +1 Delatra's gloves {ID++}
  7197 | D:6      | Found a runed translucent door.
  7198 | D:6      | Noticed Crazy Yiuf
  8018 | D:7      | Found a large runed translucent door.
  8019 | D:7      | Found a large runed translucent door.
  8513 | D:7      | Found a staircase to the Ecumenical Temple.
  8538 | Temple   | Entered the Ecumenical Temple
  8616 | Temple   | Became a worshipper of Warmaster Okawaru
  8973 | D:8      | Noticed Prince Ribbit
  8983 | D:8      | Killed Prince Ribbit
  8985 | D:8      | Noticed a hornet
  8996 | D:7      | Reached skill level 10 in Spellcasting
  9140 | D:8      | Killed a hornet
  9145 | D:8      | Reached * piety under Okawaru
  9243 | D:8      | Reached XP level 10. HP: 50/64 MP: 0/0
  9499 | D:8      | Found Ecaust's General Store.
  9677 | D:8      | Reached skill level 1 in Maces & Flails
  9790 | D:8      | Found a hazy altar of Hepliaklqana.
  9797 | D:8      | Found a shadowy altar of Dithmenos.
 10511 | D:9      | Found a flagged portal.
 10516 | Bailey   | Entered a bailey
 10988 | Bailey   | Reached ** piety under Okawaru
 11353 | Bailey   | Noticed a gargoyle
 11407 | Bailey   | Killed from afar by a gargoyle

Illustrated notes

Levels and vault maps discovered:
D:1:      dpeg_arrival_tiny_a, layout_basic, grunt_decor_mini_mirrors
D:2:      wander_river, layout_loops_ring
D:3:      layout_loops_ring, minmay_pentangle, uniq_jessica
D:4:      minmay_wonky_spiral, layout_loops_ring, amcnicky_altar_gilded,
          gammafunk_ghost_mausoleum, eino_small_chamber_without_monster,
          uniq_duvessa, uniq_robin, uniq_natasha
D:5:      layout_loops_corners, ashenzari_conservatory_becter,
          gammafunk_ghost_nasty_kobolds
D:6:      layout_basic, nicolae_overflow_hidden_temple, uniq_crazy_yiuf_cottage,
          uniq_sigmund
D:7:      layout_cave_pods, jmf_multi_god_temple2,
          minmay_temple_entry_crystal_x, nicolae_titane
D:8:      layout_cave_pools, riverfiend_overflow_shadow_ancestor, serial_shops,
          nicolae_shop_competitors_out_of_business, uniq_prince_ribbit1
D:9:      layout_grid_maze, hellmonk_lair_entry_icy, enter_bailey_4,
          special_room [special_room_bee], minmay_fractal_squares_gapless_5
Temple:   compressed_dpeg_circular_temple
Bailey:   bailey_polearm_vampire_castle_hellmonk, bailey

Skill      XL: |  1  2  3  4  5  6  7  8  9 10 |
---------------+-------------------------------+-----
Spellcasting   | 3 4 5 6 8 10 | 10.6
Maces & Flails | 3 |  3.9
Fighting       | |  2.5
Short Blades   | |  1.7
Throwing       | |  0.7
Armour         | |  1.0
Dodging        | |  2.8

Action                     |  1- 3 |  4- 6 |  7- 9 | 10-12 || total
---------------------------+-------+-------+-------+-------++-------
  Melee: Short sword       |   105 |    79 |       |       ||   184
         Punch             |       |     1 |       |       ||     1
         Mace              |       |       |    41 |    74 ||   115
         Staff             |       |       |     4 |       ||     4
   Cast: Summon Small Mamm |     4 |    43 |       |       ||    47
         Scorch            |       |    43 |   131 |    70 ||   244
         Mephitic Cloud    |       |       |    30 |     4 ||    34
         Blink             |       |       |     9 |     3 ||    12
         Manifold Assault  |       |       |    11 |    38 ||    49
         Vhi's Electric Ch |       |       |       |     1 ||     1
  Evoke: Wand              |       |       |       |     2 ||     2
    Use: Scroll            |       |       |    10 |     4 ||    14
   Stab: Sleeping          |       |       |     1 |       ||     1
 Armour: Leather armour    |    34 |    36 |     9 |       ||    79
         Ring mail         |       |       |     5 |    33 ||    38
  Dodge: Dodged            |    63 |    94 |    48 |    45 ||   250

Table legend: (Time is in decaauts)
 A = Elapsed time spent in this place.
 B = Non-inter-level travel time spent in this place.
 C = Inter-level travel time spent in this place.
 D = Time resting spent in this place.
 E = Time spent auto-exploring this place.
 F = Levels seen in this place.
 G = Mean time per level.
                   A        B        C        D        E       F      G
               +--------+--------+--------+--------+--------+-----+--------+
         Total |  11436 |  10926 |    510 |   2313 |   5304 |  11 | 1039.6 |
       Dungeon |  10456 |   9951 |    505 |   1849 |   5175 |   9 | 1161.8 |
        Temple |     84 |     79 |      5 |      0 |     63 |   1 |   84.0 |
        Bailey |    895 |    895 |      0 |    464 |     66 |   1 |  895.0 |
               +--------+--------+--------+--------+--------+-----+--------+

Top non-repeatable levels by time:
     D:5: 1900 daAuts
     D:4: 1455 daAuts
     D:7: 1419 daAuts
     D:2: 1274 daAuts
     D:6: 1267 daAuts
     D:3: 1164 daAuts
     D:8: 964 daAuts
  Bailey: 895 daAuts
     D:1: 855 daAuts
     D:9: 153 daAuts
  Temple: 84 daAuts
